[ AOE2 MATCH · #460840049 ]
UnrankedGoths vs Koreans
[ REPLAY ANALYSIS · EXTRACTED FROM THE RECORDED GAME ]
Feudal
14:39
Castle
19:40
Imperial
37:33
| APM avg | 50.2 |
| APM peak | 100 |
| eAPM avg | 32.3 |
| Villagers / military | 188 / 611 |
Focus
⚔️ 32.6% · 🌾 67.4%
Huskarl ×361 · Spearman ×236 · Trade Cart ×24 · Militia ×6 · Fishing Ship ×5 · Monk ×4
Feudal
13:38
Castle
17:11
Imperial
34:19
| APM avg | 47.0 |
| APM peak | 106 |
| eAPM avg | 32.3 |
| Villagers / military | 135 / 191 |
Focus
⚔️ 45.1% · 🌾 54.9%
Unknown (1968) ×191 · Spearman ×190 · Unknown (1942) ×25 · Trade Cart ×10 · Fishing Ship ×7 · Monk ×1
Feudal
13:29
Castle
17:31
Imperial
50:44
| APM avg | 43.2 |
| APM peak | 88 |
| eAPM avg | 24.5 |
| Villagers / military | 157 / 240 |
Focus
⚔️ 39.3% · 🌾 60.7%
Skirmisher ×185 · War Wagon ×54 · Fishing Ship ×9 · Trade Cart ×7 · Archer ×1
Feudal
15:33
Castle
19:09
Imperial
43:22
| APM avg | 44.8 |
| APM peak | 85 |
| eAPM avg | 30.0 |
| Villagers / military | 225 / 336 |
Focus
⚔️ 31.1% · 🌾 68.9%
Skirmisher ×184 · Knight ×143 · Fishing Ship ×9 · Trebuchet (Packed) ×9 · Trade Cart ×1
Feudal
13:00
Castle
16:33
Imperial
31:23
| APM avg | 45.5 |
| APM peak | 96 |
| eAPM avg | 23.7 |
| Villagers / military | 159 / 431 |
Focus
⚔️ 46.3% · 🌾 53.7%
Mangudai ×236 · Scout Cavalry ×157 · Battering Ram ×31 · Fishing Ship ×9 · Unknown (2626) ×9 · Trebuchet (Packed) ×4
Feudal
14:21
Castle
18:05
Imperial
32:23
| APM avg | 59.3 |
| APM peak | 96 |
| eAPM avg | 24.3 |
| Villagers / military | 251 / 112 |
Focus
⚔️ 25.3% · 🌾 74.7%
Mameluke ×76 · Mangonel ×23 · Trade Cart ×23 · Trebuchet (Packed) ×12 · Fishing Ship ×9 · Unknown (2626) ×8
Feudal
13:26
Castle
17:05
Imperial
35:17
| APM avg | 66.3 |
| APM peak | 101 |
| eAPM avg | 34.6 |
| Villagers / military | 180 / 146 |
Focus
⚔️ 35.7% · 🌾 64.3%
Unknown (1949) ×139 · Scout Cavalry ×118 · Galley ×28 · Fishing Ship ×13 · Unknown (1942) ×8 · Trade Cart ×2
Feudal
14:08
Castle
18:53
Imperial
33:03
| APM avg | 47.7 |
| APM peak | 95 |
| eAPM avg | 26.5 |
| Villagers / military | 118 / 246 |
Focus
⚔️ 51.9% · 🌾 48.1%
Spearman ×238 · Unknown (2550) ×73 · Unknown (2579) ×41 · Trade Cart ×22 · Trebuchet (Packed) ×6 · Fishing Ship ×4
Match map
Initial resources + every placement click. Lines = walls · curves = elevation contours. ◆ gold · ⬟ stone · ● berries · ✦ relic · ◌ wall gap
Your base· Open — 15t gap
_LY_lyx's base· Open — 15t gap
[LuB]夢夢's base· Open — 13t gap
我赚够了's base· Open — unwalled flank
GKT_Cloud's base· Open — unwalled flank
_LY_Yo's base· Open — unwalled flank
LemonShip's base· Open — unwalled flank
DemonSheep's base· Open — unwalled flank
Smoothed initial terrain · ◌ = detected wall gap · hover for details
Inputs per minute
— 胖丁 - - _LY_lyx
Build order — 胖丁
First 150 of 712 actions detected
| 0:28 | Build | Town Center |
| 2:02 | Create | Villager (Male) |
| 2:03 | Create | Villager (Male) |
| 2:03 | Create | Villager (Male) |
| 2:21 | Build | House |
| 2:34 | Create | Villager (Male) |
| 3:36 | Create | Villager (Male) |
| 4:05 | Build | Dock |
| 4:11 | Create | Villager (Male) |
| 4:20 | Build | House |
| 4:46 | Create | Villager (Male) |
| 5:08 | Create | Villager (Male) |
| 5:09 | Create | Villager (Male) |
| 5:14 | Create | Fishing Ship |
| 5:15 | Create | Fishing Ship |
| 5:30 | Create | Villager (Male) |
| 5:46 | Build | House |
| 5:56 | Create | Villager (Male) |
| 5:56 | Create | Villager (Male) |
| 6:26 | Create | Villager (Male) |
| 6:53 | Build | Mill |
| 6:56 | Create | Villager (Male) |
| 6:56 | Create | Villager (Male) |
| 7:15 | Create | Villager (Male) |
| 7:15 | Create | Villager (Male) |
| 7:35 | Create | Fishing Ship |
| 7:47 | Create | Villager (Male) |
| 7:59 | Create | Villager (Male) |
| 8:25 | Create | Fishing Ship |
| 8:26 | Create | Fishing Ship |
| 8:30 | Research | Loom |
| 8:38 | Build | House |
| 8:49 | Create | Villager (Male) |
| 8:49 | Create | Villager (Male) |
| 8:51 | Create | Villager (Male) |
| 9:31 | Create | Villager (Male) |
| 9:41 | Create | Villager (Male) |
| 10:05 | Build | Barracks |
| 10:18 | Create | Villager (Male) |
| 10:40 | Build | House |
| 10:54 | Build | House |
| 10:59 | Create | Militia |
| 10:59 | Create | Militia |
| 11:01 | Build | House |
| 11:03 | Create | Villager (Male) |
| 11:23 | Build | Mining Camp |
| 11:28 | Create | Villager (Male) |
| 11:51 | Create | Militia |
| 11:55 | Create | Villager (Male) |
| 11:58 | Create | Militia |
| 12:19 | Research | Feudal Age |
| 12:19 | Research | Feudal Age |
| 12:42 | Create | Militia |
| 12:51 | Build | House |
| 12:51 | Build | House |
| 13:01 | Create | Militia |
| 13:31 | Build | House |
| 14:01 | Build | House |
| 14:08 | Create | Villager (Male) |
| 14:08 | Create | Villager (Male) |
| 14:08 | Create | Villager (Male) |
| 14:27 | Build | House |
| 14:39 | Age | Feudal Age |
| 14:42 | Research | Man-at-Arms (upgrade) |
| 14:46 | Build | House |
| 14:52 | Build | Market |
| 15:12 | Build | House |
| 15:32 | Create | Villager (Male) |
| 15:50 | Build | Blacksmith |
| 17:00 | Research | Castle Age |
| 17:02 | Create | Villager (Male) |
| 17:06 | Build | Lumber Camp |
| 17:27 | Research | Double-Bit Axe |
| 17:47 | Create | Villager (Male) |
| 19:40 | Age | Castle Age |
| 19:43 | Build | Town Center |
| 19:45 | Create | Villager (Male) |
| 20:03 | Build | Town Center |
| 20:08 | Research | Long Swordsman (upgrade) |
| 20:08 | Research | Squires |
| 20:30 | Research | Scale Mail Armor |
| 20:46 | Create | Villager (Male) |
| 20:49 | Build | Monastery |
| 21:02 | Create | Villager (Male) |
| 21:17 | Create | Villager (Male) |
| 21:25 | Create | Villager (Male) |
| 21:25 | Create | Villager (Male) |
| 21:26 | Create | Monk |
| 21:51 | Create | Villager (Male) |
| 21:52 | Create | Villager (Male) |
| 21:58 | Create | Villager (Male) |
| 22:00 | Build | Farm |
| 22:02 | Build | Farm |
| 22:04 | Build | Farm |
| 22:16 | Create | Villager (Male) |
| 22:17 | Build | Farm |
| 22:18 | Create | Villager (Male) |
| 22:19 | Create | Villager (Male) |
| 22:25 | Create | Villager (Male) |
| 22:31 | Create | Villager (Male) |
| 22:31 | Create | Villager (Male) |
| 22:31 | Create | Villager (Male) |
| 23:08 | Research | Wheelbarrow |
| 23:09 | Research | Wheelbarrow |
| 23:10 | Research | Bow Saw |
| 23:17 | Create | Villager (Male) |
| 23:23 | Build | Farm |
| 23:28 | Create | Villager (Male) |
| 23:28 | Create | Villager (Male) |
| 23:32 | Create | Villager (Male) |
| 23:35 | Build | Farm |
| 23:49 | Create | Villager (Male) |
| 23:49 | Create | Villager (Male) |
| 23:53 | Build | Farm |
| 23:58 | Build | Farm |
| 24:01 | Create | Villager (Male) |
| 24:03 | Create | Villager (Male) |
| 24:25 | Create | Monk |
| 24:27 | Create | Villager (Male) |
| 24:29 | Create | Villager (Male) |
| 25:05 | Create | Villager (Male) |
| 25:05 | Create | Villager (Male) |
| 25:07 | Create | Villager (Male) |
| 25:11 | Build | Town Center |
| 25:16 | Create | Villager (Male) |
| 25:18 | Create | Villager (Male) |
| 25:29 | Build | Siege Workshop |
| 25:37 | Create | Villager (Male) |
| 25:37 | Create | Villager (Male) |
| 25:44 | Create | Villager (Male) |
| 25:46 | Build | Farm |
| 25:52 | Create | Villager (Male) |
| 26:09 | Build | Siege Workshop |
| 26:10 | Create | Villager (Male) |
| 26:11 | Create | Villager (Male) |
| 26:22 | Build | Farm |
| 26:22 | Build | Farm |
| 26:23 | Create | Villager (Male) |
| 26:27 | Create | Villager (Male) |
| 26:35 | Create | Scorpion |
| 26:40 | Create | Villager (Male) |
| 26:42 | Build | Farm |
| 26:55 | Build | Farm |
| 27:19 | Create | Villager (Male) |
| 27:19 | Create | Villager (Male) |
| 27:36 | Build | Mill |
| 27:41 | Create | Scorpion |
| 27:52 | Create | Villager (Male) |
| 27:52 | Create | Villager (Male) |
| 27:53 | Create | Villager (Male) |
Build order — _LY_lyx
First 150 of 773 actions detected
| 0:50 | Build | Town Center |
| 2:18 | Build | Dock |
| 2:34 | Create | Villager (Male) |
| 2:34 | Create | Villager (Male) |
| 2:38 | Build | House |
| 2:39 | Create | Villager (Male) |
| 2:39 | Create | Villager (Male) |
| 2:55 | Create | Villager (Male) |
| 3:51 | Create | Fishing Ship |
| 3:52 | Create | Fishing Ship |
| 4:25 | Build | House |
| 4:30 | Create | Villager (Male) |
| 4:53 | Create | Villager (Male) |
| 4:53 | Create | Villager (Male) |
| 5:27 | Create | Villager (Male) |
| 5:27 | Create | Villager (Male) |
| 5:37 | Create | Fishing Ship |
| 5:37 | Create | Fishing Ship |
| 5:55 | Create | Villager (Male) |
| 6:17 | Build | House |
| 6:26 | Create | Villager (Male) |
| 6:43 | Create | Villager (Male) |
| 7:00 | Create | Fishing Ship |
| 7:04 | Create | Villager (Male) |
| 7:22 | Create | Villager (Male) |
| 7:23 | Create | Fishing Ship |
| 7:42 | Build | House |
| 7:54 | Create | Villager (Male) |
| 8:03 | Create | Fishing Ship |
| 8:12 | Create | Villager (Male) |
| 8:36 | Build | House |
| 8:47 | Create | Villager (Male) |
| 8:49 | Build | House |
| 8:57 | Build | House |
| 9:06 | Build | Palisade Wall |
| 9:10 | Create | Villager (Male) |
| 9:22 | Build | Mill |
| 9:32 | Create | Villager (Male) |
| 9:57 | Create | Villager (Male) |
| 10:37 | Create | Villager (Male) |
| 10:42 | Build | Mining Camp |
| 11:03 | Create | Villager (Male) |
| 11:14 | Build | Mining Camp |
| 11:21 | Research | Feudal Age |
| 12:09 | Build | House |
| 13:23 | Create | Villager (Male) |
| 13:38 | Age | Feudal Age |
| 13:39 | Build | Market |
| 13:41 | Build | Blacksmith |
| 13:53 | Create | Villager (Male) |
| 14:14 | Research | Gold Mining |
| 14:16 | Research | Horse Collar |
| 14:30 | Build | House |
| 14:31 | Research | Castle Age |
| 14:31 | Research | Castle Age |
| 14:54 | Build | House |
| 14:56 | Build | House |
| 14:57 | Build | House |
| 15:28 | Build | Lumber Camp |
| 15:40 | Build | Palisade Wall |
| 16:36 | Create | Villager (Male) |
| 17:11 | Age | Castle Age |
| 17:12 | Build | Castle |
| 17:19 | Research | Double-Bit Axe |
| 17:23 | Research | Heavy Plow |
| 17:25 | Create | Villager (Male) |
| 17:37 | Build | Monastery |
| 17:43 | Create | Villager (Male) |
| 17:48 | Research | Bow Saw |
| 18:04 | Create | Villager (Male) |
| 18:11 | Research | Wheelbarrow |
| 18:27 | Create | Monk |
| 18:38 | Create | Villager (Male) |
| 18:40 | Build | Farm |
| 18:42 | Build | Farm |
| 18:44 | Build | Farm |
| 18:51 | Research | Fletching |
| 19:00 | Create | Unit 1968 |
| 19:07 | Build | Farm |
| 19:10 | Build | Farm |
| 19:27 | Create | Unit 1968 |
| 19:27 | Create | Unit 1968 |
| 19:39 | Build | Farm |
| 19:41 | Create | Unit 1968 |
| 19:47 | Create | Villager (Male) |
| 19:58 | Build | Farm |
| 20:00 | Build | Farm |
| 20:15 | Research | Bodkin Arrow |
| 20:20 | Create | Villager (Male) |
| 20:22 | Create | Unit 1968 |
| 20:22 | Create | Unit 1968 |
| 20:32 | Build | Farm |
| 20:42 | Create | Villager (Male) |
| 20:43 | Create | Villager (Male) |
| 20:43 | Create | Villager (Male) |
| 20:49 | Create | Unit 1968 |
| 20:58 | Create | Unit 1968 |
| 21:13 | Build | Farm |
| 21:20 | Create | Unit 1968 |
| 21:22 | Create | Villager (Male) |
| 21:44 | Create | Villager (Male) |
| 21:55 | Create | Unit 1968 |
| 22:17 | Build | University |
| 22:20 | Create | Unit 1968 |
| 22:20 | Create | Unit 1968 |
| 22:22 | Research | Padded Archer Armor |
| 22:24 | Create | Villager (Male) |
| 22:34 | Create | Unit 1968 |
| 22:49 | Create | Villager (Male) |
| 23:03 | Create | Unit 1968 |
| 23:07 | Research | Leather Archer Armor |
| 23:10 | Create | Villager (Male) |
| 23:28 | Research | Ballistics |
| 23:44 | Create | Villager (Male) |
| 23:51 | Create | Villager (Male) |
| 24:02 | Create | Unit 1968 |
| 24:18 | Build | House |
| 24:25 | Create | Unit 1968 |
| 24:26 | Create | Villager (Male) |
| 24:33 | Build | House |
| 24:38 | Research | Loom |
| 24:46 | Build | House |
| 24:56 | Build | Town Center |
| 25:00 | Create | Unit 1968 |
| 25:06 | Build | Stone Wall |
| 25:12 | Build | House |
| 25:13 | Create | Unit 1968 |
| 25:16 | Build | House |
| 25:19 | Create | Unit 1968 |
| 25:21 | Create | Villager (Male) |
| 25:40 | Build | Stone Wall |
| 25:43 | Build | Stone Wall |
| 25:46 | Create | Villager (Male) |
| 25:55 | Create | Unit 1968 |
| 25:57 | Create | Villager (Male) |
| 26:16 | Research | Hand Cart |
| 26:34 | Create | Unit 1968 |
| 26:36 | Create | Villager (Male) |
| 26:49 | Create | Unit 1968 |
| 26:54 | Create | Villager (Male) |
| 26:54 | Create | Villager (Male) |
| 26:58 | Create | Villager (Male) |
| 27:06 | Create | Unit 1968 |
| 27:08 | Create | Villager (Male) |
| 27:18 | Create | Unit 1968 |
| 27:33 | Build | House |
| 27:35 | Create | Unit 1968 |
| 27:36 | Create | Villager (Male) |
| 27:36 | Create | Villager (Male) |
| 27:46 | Build | House |
Build order — [LuB]夢夢
First 150 of 671 actions detected
| 0:35 | Build | Dock |
| 0:48 | Build | Town Center |
| 1:31 | Build | House |
| 1:36 | Build | House |
| 2:51 | Create | Villager (Male) |
| 2:51 | Create | Villager (Male) |
| 2:52 | Create | Villager (Male) |
| 2:52 | Create | Villager (Male) |
| 2:52 | Create | Villager (Male) |
| 3:54 | Create | Fishing Ship |
| 4:03 | Create | Villager (Male) |
| 4:33 | Create | Villager (Male) |
| 4:48 | Build | House |
| 5:08 | Create | Villager (Male) |
| 5:34 | Create | Villager (Male) |
| 5:48 | Create | Fishing Ship |
| 6:08 | Build | House |
| 6:12 | Create | Villager (Male) |
| 6:23 | Create | Villager (Male) |
| 6:42 | Create | Fishing Ship |
| 6:45 | Create | Villager (Male) |
| 7:04 | Build | House |
| 7:08 | Create | Villager (Male) |
| 7:23 | Create | Villager (Male) |
| 7:28 | Create | Fishing Ship |
| 7:38 | Build | House |
| 8:02 | Create | Villager (Male) |
| 8:04 | Create | Fishing Ship |
| 8:21 | Create | Villager (Male) |
| 8:23 | Create | Villager (Male) |
| 8:28 | Create | Fishing Ship |
| 8:49 | Build | House |
| 9:16 | Create | Villager (Male) |
| 9:19 | Build | House |
| 9:19 | Create | Fishing Ship |
| 9:35 | Build | House |
| 9:45 | Create | Villager (Male) |
| 9:50 | Build | Mill |
| 10:20 | Build | Mining Camp |
| 10:29 | Create | Villager (Male) |
| 10:45 | Research | Loom |
| 11:07 | Build | Mining Camp |
| 11:08 | Research | Feudal Age |
| 11:23 | Build | House |
| 11:27 | Build | House |
| 12:17 | Build | House |
| 12:24 | Create | Villager (Male) |
| 12:25 | Create | Villager (Male) |
| 13:29 | Age | Feudal Age |
| 13:31 | Build | Blacksmith |
| 13:41 | Build | Market |
| 14:19 | Build | Stone Wall |
| 14:51 | Research | Castle Age |
| 15:08 | Build | Gate |
| 15:15 | Build | Lumber Camp |
| 15:57 | Research | Double-Bit Axe |
| 15:58 | Research | Double-Bit Axe |
| 16:41 | Build | House |
| 16:51 | Create | Villager (Male) |
| 17:31 | Age | Castle Age |
| 17:38 | Build | Castle |
| 17:51 | Build | Dock |
| 17:56 | Research | Fletching |
| 17:56 | Research | Fletching |
| 17:58 | Research | Bow Saw |
| 18:12 | Build | Stone Wall |
| 18:18 | Create | Villager (Male) |
| 18:20 | Create | Villager (Male) |
| 18:37 | Create | Fishing Ship |
| 18:41 | Create | Fishing Ship |
| 18:43 | Build | House |
| 19:07 | Research | Bodkin Arrow |
| 19:11 | Create | War Wagon |
| 19:12 | Create | War Wagon |
| 19:36 | Create | War Wagon |
| 19:41 | Create | Villager (Male) |
| 20:13 | Create | War Wagon |
| 20:17 | Create | Villager (Male) |
| 20:23 | Create | Villager (Male) |
| 20:47 | Create | War Wagon |
| 20:52 | Create | Villager (Male) |
| 20:59 | Create | War Wagon |
| 21:06 | Create | Villager (Male) |
| 21:21 | Create | War Wagon |
| 21:22 | Create | Villager (Male) |
| 21:29 | Create | Villager (Male) |
| 22:12 | Create | War Wagon |
| 22:23 | Create | War Wagon |
| 22:24 | Create | War Wagon |
| 22:24 | Create | Villager (Male) |
| 22:25 | Create | Villager (Male) |
| 22:52 | Create | War Wagon |
| 22:52 | Create | Villager (Male) |
| 22:54 | Create | Villager (Male) |
| 23:16 | Build | Town Center |
| 23:51 | Create | War Wagon |
| 24:06 | Create | War Wagon |
| 24:07 | Create | Villager (Male) |
| 24:27 | Create | War Wagon |
| 24:54 | Create | War Wagon |
| 24:54 | Create | War Wagon |
| 24:55 | Create | Villager (Male) |
| 24:55 | Create | Villager (Male) |
| 24:55 | Create | Villager (Male) |
| 25:26 | Create | War Wagon |
| 25:44 | Build | Castle |
| 25:58 | Create | Villager (Male) |
| 26:00 | Create | War Wagon |
| 26:09 | Build | Town Center |
| 26:18 | Create | War Wagon |
| 26:31 | Create | Villager (Male) |
| 26:43 | Create | Villager (Male) |
| 26:50 | Create | War Wagon |
| 26:52 | Build | Mining Camp |
| 27:04 | Build | Farm |
| 27:04 | Build | Farm |
| 27:04 | Build | Farm |
| 27:05 | Build | Farm |
| 27:05 | Build | Farm |
| 27:13 | Build | Farm |
| 27:13 | Build | Farm |
| 27:13 | Build | Farm |
| 27:14 | Build | Farm |
| 27:14 | Build | Farm |
| 27:14 | Build | Farm |
| 27:33 | Create | Villager (Male) |
| 27:51 | Create | War Wagon |
| 27:51 | Create | War Wagon |
| 28:10 | Create | Villager (Male) |
| 28:28 | Create | Villager (Male) |
| 28:36 | Create | War Wagon |
| 28:36 | Create | War Wagon |
| 28:52 | Create | War Wagon |
| 28:58 | Create | Villager (Male) |
| 28:58 | Create | Villager (Male) |
| 29:00 | Create | War Wagon |
| 29:07 | Create | Villager (Male) |
| 29:42 | Create | War Wagon |
| 29:42 | Create | War Wagon |
| 30:06 | Create | War Wagon |
| 30:06 | Create | War Wagon |
| 30:46 | Create | War Wagon |
| 30:46 | Create | War Wagon |
| 31:12 | Create | War Wagon |
| 31:12 | Create | War Wagon |
| 31:20 | Create | Villager (Male) |
| 31:21 | Create | Villager (Male) |
| 31:21 | Create | Villager (Male) |
| 31:21 | Create | Villager (Male) |
| 31:27 | Create | War Wagon |
Build order — 我赚够了
First 150 of 807 actions detected
| 0:24 | Build | Town Center |
| 1:24 | Build | House |
| 1:57 | Create | Villager (Male) |
| 1:57 | Create | Villager (Male) |
| 1:57 | Create | Villager (Male) |
| 1:58 | Create | Villager (Male) |
| 2:49 | Build | Mill |
| 3:39 | Research | Loom |
| 3:39 | Research | Loom |
| 4:03 | Create | Villager (Male) |
| 4:45 | Create | Villager (Male) |
| 4:45 | Create | Villager (Male) |
| 5:07 | Build | House |
| 5:23 | Create | Villager (Male) |
| 6:11 | Create | Villager (Male) |
| 6:11 | Create | Villager (Male) |
| 6:24 | Create | Villager (Male) |
| 6:39 | Build | Dock |
| 6:50 | Create | Villager (Male) |
| 6:50 | Create | Villager (Male) |
| 7:00 | Build | House |
| 7:14 | Create | Villager (Male) |
| 7:34 | Create | Villager (Male) |
| 7:40 | Create | Fishing Ship |
| 7:53 | Create | Villager (Male) |
| 8:15 | Create | Fishing Ship |
| 8:16 | Create | Fishing Ship |
| 8:40 | Create | Villager (Male) |
| 8:52 | Build | House |
| 9:11 | Create | Villager (Male) |
| 9:11 | Create | Villager (Male) |
| 9:17 | Build | Mill |
| 9:32 | Create | Villager (Male) |
| 9:37 | Create | Villager (Male) |
| 9:37 | Create | Villager (Male) |
| 9:38 | Create | Villager (Male) |
| 9:40 | Create | Fishing Ship |
| 9:40 | Create | Fishing Ship |
| 9:53 | Create | Villager (Male) |
| 10:07 | Build | House |
| 10:08 | Create | Villager (Male) |
| 10:34 | Create | Villager (Male) |
| 10:49 | Create | Villager (Male) |
| 10:53 | Create | Fishing Ship |
| 10:55 | Create | Fishing Ship |
| 11:05 | Build | House |
| 11:13 | Create | Villager (Male) |
| 11:14 | Create | Villager (Male) |
| 11:37 | Build | Mining Camp |
| 11:53 | Create | Fishing Ship |
| 12:01 | Create | Villager (Male) |
| 12:33 | Create | Villager (Male) |
| 12:35 | Create | Fishing Ship |
| 12:49 | Create | Villager (Male) |
| 13:02 | Research | Feudal Age |
| 13:43 | Build | House |
| 14:34 | Create | Villager (Male) |
| 15:17 | Build | Lumber Camp |
| 15:21 | Create | Villager (Male) |
| 15:33 | Age | Feudal Age |
| 15:37 | Build | Market |
| 15:45 | Build | Blacksmith |
| 15:48 | Create | Villager (Male) |
| 15:57 | Create | Villager (Male) |
| 15:58 | Create | Villager (Male) |
| 16:09 | Research | Double-Bit Axe |
| 16:29 | Research | Castle Age |
| 16:29 | Research | Castle Age |
| 16:42 | Build | House |
| 17:18 | Build | Barracks |
| 17:33 | Create | Villager (Male) |
| 17:38 | Create | Villager (Male) |
| 18:22 | Research | Horse Collar |
| 18:27 | Build | Stable |
| 18:31 | Research | Scale Barding Armor |
| 18:36 | Build | Farm |
| 19:09 | Age | Castle Age |
| 19:16 | Create | Knight |
| 19:16 | Create | Knight |
| 19:24 | Research | Bow Saw |
| 19:25 | Create | Villager (Male) |
| 19:59 | Create | Villager (Male) |
| 20:12 | Build | Town Center |
| 20:14 | Create | Knight |
| 20:27 | Research | Chain Barding Armor |
| 20:27 | Research | Chain Barding Armor |
| 20:27 | Create | Villager (Male) |
| 20:32 | Build | Farm |
| 20:33 | Build | Farm |
| 20:36 | Build | Farm |
| 20:38 | Build | Farm |
| 20:42 | Create | Villager (Male) |
| 20:52 | Create | Knight |
| 20:59 | Create | Knight |
| 21:00 | Create | Villager (Male) |
| 21:02 | Create | Villager (Male) |
| 21:07 | Build | House |
| 21:08 | Build | House |
| 21:11 | Create | Knight |
| 21:22 | Research | Husbandry |
| 21:29 | Create | Villager (Male) |
| 21:31 | Create | Knight |
| 21:40 | Build | Farm |
| 21:46 | Create | Villager (Male) |
| 21:57 | Create | Villager (Male) |
| 22:00 | Build | Farm |
| 22:17 | Create | Knight |
| 22:18 | Create | Villager (Male) |
| 22:18 | Create | Villager (Male) |
| 22:35 | Build | Town Center |
| 22:39 | Create | Knight |
| 22:46 | Research | Bloodlines |
| 22:51 | Build | Farm |
| 22:53 | Build | Farm |
| 22:54 | Build | Farm |
| 22:57 | Build | Farm |
| 22:58 | Build | Farm |
| 22:59 | Build | Farm |
| 23:00 | Create | Villager (Male) |
| 23:22 | Create | Villager (Male) |
| 23:23 | Create | Villager (Male) |
| 23:25 | Create | Villager (Male) |
| 23:34 | Build | Farm |
| 23:35 | Build | Farm |
| 23:36 | Build | Farm |
| 23:51 | Create | Villager (Male) |
| 23:54 | Create | Knight |
| 23:57 | Create | Villager (Male) |
| 24:06 | Create | Villager (Male) |
| 24:06 | Create | Villager (Male) |
| 24:14 | Build | Farm |
| 24:15 | Build | Farm |
| 24:16 | Build | Farm |
| 24:19 | Create | Villager (Male) |
| 24:22 | Build | Farm |
| 24:26 | Create | Villager (Male) |
| 24:30 | Create | Villager (Male) |
| 24:30 | Create | Villager (Male) |
| 24:33 | Create | Knight |
| 24:34 | Create | Knight |
| 24:40 | Create | Villager (Male) |
| 24:44 | Create | Villager (Male) |
| 24:45 | Create | Villager (Male) |
| 24:49 | Build | Farm |
| 24:54 | Create | Villager (Male) |
| 25:02 | Create | Villager (Male) |
| 25:02 | Create | Villager (Male) |
| 25:08 | Build | Mining Camp |
| 25:09 | Create | Villager (Male) |
| 25:09 | Create | Villager (Male) |
Build order — GKT_Cloud
First 150 of 493 actions detected
| 0:30 | Build | Dock |
| 0:45 | Build | Town Center |
| 1:07 | Build | House |
| 2:49 | Create | Villager (Male) ×4 |
| 2:49 | Create | Villager (Male) ×4 |
| 3:36 | Create | Villager (Male) |
| 3:50 | Create | Fishing Ship |
| 4:15 | Build | House |
| 4:55 | Create | Villager (Male) |
| 5:13 | Create | Fishing Ship |
| 5:13 | Create | Fishing Ship |
| 5:22 | Create | Villager (Male) |
| 5:31 | Build | Palisade Wall |
| 5:49 | Create | Villager (Male) |
| 6:06 | Build | House |
| 6:15 | Create | Villager (Male) |
| 6:29 | Create | Fishing Ship |
| 6:31 | Create | Villager (Male) |
| 6:53 | Create | Villager (Male) |
| 7:13 | Build | House |
| 7:19 | Create | Villager (Male) |
| 7:41 | Create | Fishing Ship |
| 7:46 | Create | Villager (Male) |
| 8:03 | Create | Villager (Male) |
| 8:13 | Create | Fishing Ship |
| 8:15 | Create | Villager (Male) |
| 8:25 | Create | Villager (Male) |
| 8:32 | Build | House |
| 8:41 | Create | Villager (Male) |
| 8:41 | Create | Villager (Male) |
| 8:43 | Create | Fishing Ship |
| 9:01 | Build | Palisade Wall |
| 9:03 | Create | Villager (Male) |
| 9:18 | Build | Palisade Wall |
| 9:20 | Create | Villager (Male) ×2 |
| 9:23 | Build | Palisade Wall |
| 9:27 | Create | Fishing Ship |
| 9:36 | Create | Villager (Male) |
| 9:59 | Build | Dock |
| 10:15 | Build | Mill |
| 10:50 | Research | Feudal Age |
| 11:07 | Build | House |
| 11:08 | Build | Palisade Wall |
| 11:09 | Build | Palisade Wall |
| 11:09 | Build | Palisade Wall |
| 11:23 | Build | Mining Camp |
| 11:51 | Create | Villager (Male) |
| 11:51 | Research | Loom |
| 13:00 | Age | Feudal Age |
| 13:03 | Build | Market |
| 13:05 | Build | Blacksmith |
| 13:10 | Build | Lumber Camp |
| 13:38 | Research | Tech 906 |
| 13:53 | Research | Castle Age |
| 14:02 | Build | House |
| 14:19 | Create | Unit 2626 |
| 14:19 | Create | Unit 2626 |
| 14:33 | Build | House |
| 14:52 | Create | Unit 2626 |
| 15:17 | Research | Double-Bit Axe |
| 15:20 | Build | Palisade Wall |
| 15:22 | Build | Palisade Wall |
| 15:23 | Build | Palisade Wall |
| 15:34 | Create | Unit 2626 |
| 16:00 | Build | Fish Trap |
| 16:12 | Build | Palisade Wall |
| 16:14 | Build | Palisade Wall |
| 16:15 | Build | Palisade Wall |
| 16:27 | Build | Palisade Wall |
| 16:28 | Build | Palisade Wall |
| 16:33 | Age | Castle Age |
| 16:34 | Create | Villager (Male) |
| 16:38 | Build | Monastery |
| 16:54 | Research | War Galley (upgrade) |
| 16:57 | Create | Villager (Male) |
| 17:12 | Create | Villager (Male) |
| 17:14 | Create | Monk |
| 17:15 | Create | Monk |
| 17:25 | Create | Unit 2626 |
| 17:26 | Create | Unit 2626 |
| 18:05 | Create | Villager (Male) |
| 18:05 | Create | Villager (Male) |
| 18:06 | Create | Villager (Male) |
| 18:15 | Create | Unit 2626 |
| 18:22 | Create | Villager (Male) ×4 |
| 18:22 | Create | Villager (Male) ×4 |
| 18:36 | Build | Town Center |
| 18:52 | Build | Fish Trap |
| 18:55 | Build | Fish Trap |
| 19:15 | Build | Fish Trap |
| 19:19 | Build | Fish Trap |
| 19:29 | Build | Fish Trap |
| 19:37 | Create | Villager (Male) |
| 19:38 | Create | Villager (Male) |
| 19:55 | Build | Fish Trap |
| 20:28 | Create | Villager (Male) |
| 20:34 | Build | Town Center |
| 21:02 | Create | Villager (Male) ×2 |
| 21:08 | Create | Villager (Male) |
| 21:11 | Build | House |
| 21:13 | Build | House |
| 21:14 | Build | House |
| 21:42 | Create | Villager (Male) ×2 |
| 21:47 | Build | Farm |
| 21:47 | Build | Farm |
| 21:47 | Build | Farm |
| 21:48 | Build | Farm |
| 21:49 | Build | Farm |
| 21:50 | Create | Villager (Male) |
| 22:02 | Create | Villager (Male) |
| 22:07 | Create | Unit 2626 |
| 22:07 | Create | Unit 2626 |
| 22:23 | Create | Villager (Male) ×2 |
| 22:42 | Create | Villager (Male) ×2 |
| 22:44 | Build | House |
| 22:46 | Create | Villager (Male) |
| 22:46 | Create | Villager (Male) |
| 23:00 | Create | Villager (Male) ×3 |
| 23:12 | Create | Villager (Male) ×2 |
| 23:12 | Create | Villager (Male) ×2 |
| 23:13 | Build | Farm |
| 23:14 | Build | Farm |
| 23:15 | Build | Farm |
| 23:16 | Create | Villager (Male) |
| 23:17 | Build | Farm |
| 23:18 | Create | Villager (Male) |
| 23:21 | Build | Farm |
| 23:21 | Build | Farm |
| 23:22 | Build | Farm |
| 23:24 | Create | Villager (Male) |
| 23:33 | Create | Villager (Male) |
| 23:37 | Build | House |
| 23:37 | Build | House |
| 23:38 | Build | House |
| 23:39 | Create | Villager (Male) |
| 23:41 | Build | Farm |
| 24:04 | Create | Fishing Ship |
| 24:10 | Research | Wheelbarrow |
| 24:14 | Research | Bow Saw |
| 24:14 | Create | Villager (Male) ×3 |
| 24:21 | Create | Villager (Male) |
| 24:23 | Create | Villager (Male) |
| 24:35 | Create | Villager (Male) |
| 24:42 | Build | Town Center |
| 25:05 | Research | Stone Mining |
| 25:07 | Create | Villager (Male) ×5 |
| 25:17 | Build | House |
| 25:18 | Build | House |
| 25:18 | Build | House |
| 25:23 | Build | Mining Camp |
Build order — _LY_Yo
First 150 of 624 actions detected
| 0:46 | Build | Town Center |
| 1:00 | Build | House |
| 1:43 | Build | Dock |
| 2:32 | Create | Villager (Male) |
| 2:32 | Create | Villager (Male) |
| 2:33 | Create | Villager (Male) |
| 2:33 | Create | Villager (Male) |
| 4:04 | Create | Fishing Ship |
| 4:14 | Research | Loom |
| 4:28 | Create | Villager (Male) |
| 5:00 | Build | House |
| 5:03 | Create | Villager (Male) |
| 5:18 | Create | Villager (Male) |
| 5:31 | Create | Fishing Ship |
| 5:39 | Create | Villager (Male) |
| 6:06 | Create | Villager (Male) |
| 6:06 | Create | Villager (Male) |
| 6:11 | Build | House |
| 6:28 | Create | Villager (Male) |
| 6:32 | Create | Fishing Ship |
| 6:32 | Create | Fishing Ship |
| 6:33 | Create | Fishing Ship |
| 6:51 | Create | Villager (Male) |
| 7:11 | Create | Villager (Male) |
| 7:19 | Build | House |
| 7:37 | Create | Fishing Ship |
| 7:39 | Build | House |
| 7:49 | Build | House |
| 7:52 | Create | Villager (Male) |
| 7:54 | Create | Villager (Male) |
| 7:55 | Create | Villager (Male) |
| 8:12 | Create | Fishing Ship |
| 8:15 | Create | Villager (Male) |
| 8:35 | Create | Villager (Male) |
| 8:37 | Create | Fishing Ship |
| 8:39 | Create | Villager (Male) |
| 8:59 | Build | House |
| 9:02 | Build | Palisade Wall |
| 9:12 | Create | Villager (Male) |
| 9:27 | Create | Villager (Male) |
| 9:35 | Create | Fishing Ship |
| 10:10 | Build | House |
| 10:38 | Build | Palisade Wall |
| 10:54 | Create | Villager (Male) |
| 11:16 | Create | Villager (Male) |
| 11:23 | Build | Mill |
| 11:45 | Create | Villager (Male) |
| 11:51 | Build | Mining Camp |
| 12:02 | Build | Dock |
| 12:08 | Build | Palisade Wall |
| 12:11 | Research | Feudal Age |
| 12:11 | Research | Feudal Age |
| 13:12 | Build | Palisade Gate |
| 13:23 | Create | Villager (Male) |
| 14:10 | Build | Palisade Wall |
| 14:21 | Age | Feudal Age |
| 14:25 | Build | Blacksmith |
| 14:29 | Build | Market |
| 14:35 | Build | Palisade Wall |
| 14:40 | Build | Blacksmith |
| 14:43 | Create | Villager (Male) |
| 14:56 | Build | Mining Camp |
| 15:10 | Build | Lumber Camp |
| 15:24 | Build | House |
| 15:25 | Research | Castle Age |
| 15:43 | Build | Palisade Wall |
| 15:44 | Build | House |
| 15:48 | Create | Unit 2626 |
| 15:48 | Create | Unit 2626 |
| 15:51 | Research | Forging |
| 15:51 | Research | Forging |
| 15:52 | Research | Double-Bit Axe |
| 16:33 | Create | Unit 2626 |
| 16:35 | Create | Unit 2626 |
| 17:48 | Research | Town Watch |
| 17:51 | Create | Villager (Male) |
| 18:03 | Create | Unit 2626 |
| 18:05 | Age | Castle Age |
| 18:08 | Research | War Galley (upgrade) |
| 18:10 | Create | Villager (Male) |
| 18:40 | Build | Castle |
| 19:06 | Build | Town Center |
| 19:12 | Build | Town Center |
| 19:18 | Research | Bow Saw |
| 19:19 | Create | Villager (Male) |
| 19:30 | Create | Villager (Male) |
| 20:09 | Create | Villager (Male) |
| 20:22 | Create | Mameluke |
| 20:27 | Create | Villager (Male) |
| 20:32 | Build | Siege Workshop |
| 20:51 | Create | Villager (Male) |
| 21:08 | Create | Villager (Male) |
| 21:09 | Create | Mangonel |
| 21:13 | Create | Villager (Male) |
| 21:21 | Create | Villager (Male) |
| 21:30 | Create | Villager (Male) |
| 21:38 | Create | Villager (Male) |
| 21:40 | Create | Villager (Male) |
| 21:41 | Research | Horse Collar |
| 22:05 | Create | Villager (Male) |
| 22:10 | Build | Farm |
| 22:11 | Build | Farm |
| 22:14 | Create | Villager (Male) |
| 22:24 | Build | Town Center |
| 22:29 | Build | House |
| 22:30 | Build | House |
| 22:40 | Create | Villager (Male) |
| 22:46 | Create | Villager (Male) |
| 22:52 | Create | Villager (Male) |
| 23:02 | Create | Villager (Male) |
| 23:11 | Create | Unit 2626 |
| 23:19 | Create | Villager (Male) |
| 23:24 | Build | Farm |
| 23:31 | Create | Unit 2626 |
| 23:31 | Create | Unit 2626 |
| 23:37 | Create | Villager (Male) |
| 23:41 | Build | House |
| 23:48 | Build | Palisade Gate |
| 23:49 | Create | Villager (Male) |
| 24:02 | Create | Villager (Male) |
| 24:11 | Create | Villager (Male) |
| 24:12 | Build | Farm |
| 24:14 | Build | Farm |
| 24:15 | Build | Farm |
| 24:17 | Create | Villager (Male) |
| 24:18 | Create | Villager (Male) |
| 24:23 | Build | Farm |
| 24:24 | Build | Farm |
| 24:25 | Create | Villager (Male) |
| 24:34 | Create | Villager (Male) |
| 24:38 | Build | Monastery |
| 24:40 | Create | Villager (Male) |
| 24:44 | Build | Farm |
| 24:45 | Build | Farm |
| 24:47 | Create | Villager (Male) |
| 24:47 | Create | Villager (Male) |
| 24:47 | Create | Villager (Male) |
| 24:54 | Build | House |
| 25:03 | Create | Villager (Male) |
| 25:21 | Create | Monk |
| 25:24 | Build | Outpost |
| 25:27 | Create | Villager (Male) |
| 25:30 | Research | Wheelbarrow |
| 25:34 | Build | Farm |
| 25:35 | Build | Farm |
| 25:41 | Build | Farm |
| 25:42 | Build | Farm |
| 25:43 | Build | Farm |
| 25:49 | Create | Villager (Male) |
| 25:50 | Build | Farm |
Build order — LemonShip
First 150 of 776 actions detected
| 0:48 | Build | Town Center |
| 0:51 | Build | Dock |
| 2:38 | Build | House |
| 2:46 | Create | Villager (Male) |
| 2:46 | Create | Villager (Male) |
| 2:47 | Create | Villager (Male) |
| 2:47 | Create | Villager (Male) |
| 3:23 | Create | Villager (Male) |
| 3:23 | Create | Villager (Male) |
| 3:55 | Create | Fishing Ship |
| 4:34 | Build | House |
| 4:51 | Create | Villager (Male) |
| 5:11 | Create | Fishing Ship |
| 5:22 | Create | Villager (Male) |
| 5:48 | Create | Villager (Male) |
| 6:01 | Build | House |
| 6:16 | Create | Villager (Male) |
| 6:16 | Create | Villager (Male) |
| 6:28 | Create | Villager (Male) |
| 6:33 | Create | Fishing Ship |
| 6:33 | Create | Fishing Ship |
| 6:51 | Create | Villager (Male) |
| 6:53 | Build | House |
| 7:19 | Create | Villager (Male) |
| 7:20 | Create | Villager (Male) |
| 7:20 | Create | Villager (Male) |
| 7:20 | Create | Villager (Male) |
| 7:39 | Build | House |
| 7:55 | Create | Fishing Ship |
| 7:56 | Create | Villager (Male) |
| 8:15 | Create | Villager (Male) |
| 8:27 | Create | Fishing Ship |
| 8:57 | Build | Dock |
| 9:18 | Create | Villager (Male) |
| 9:31 | Create | Fishing Ship |
| 9:40 | Create | Villager (Male) |
| 9:50 | Create | Fishing Ship |
| 10:06 | Create | Villager (Male) |
| 10:06 | Research | Loom |
| 10:09 | Build | Mining Camp |
| 10:31 | Create | Fishing Ship |
| 10:31 | Create | Fishing Ship |
| 10:46 | Create | Fishing Ship |
| 11:02 | Build | House |
| 11:04 | Build | Palisade Wall |
| 11:08 | Research | Feudal Age |
| 11:24 | Create | Fishing Ship |
| 11:28 | Create | Fishing Ship |
| 11:49 | Build | Mill |
| 13:11 | Build | House |
| 13:26 | Age | Feudal Age |
| 13:31 | Build | Market |
| 13:32 | Create | Villager (Male) |
| 13:33 | Create | Villager (Male) |
| 13:35 | Build | Blacksmith |
| 13:50 | Build | Lumber Camp |
| 14:25 | Research | Castle Age |
| 14:25 | Research | Castle Age |
| 14:27 | Create | Unit 2626 |
| 14:27 | Create | Unit 2626 |
| 14:39 | Build | House |
| 14:47 | Create | Galley |
| 14:58 | Research | Double-Bit Axe |
| 14:58 | Research | Double-Bit Axe |
| 15:03 | Build | Palisade Wall |
| 15:05 | Build | Palisade Wall |
| 15:06 | Build | Palisade Wall |
| 15:08 | Build | Palisade Wall |
| 15:10 | Build | Palisade Wall |
| 15:13 | Build | Palisade Wall |
| 15:20 | Create | Galley |
| 15:27 | Build | House |
| 15:49 | Build | Palisade Wall |
| 15:51 | Build | Palisade Wall |
| 15:54 | Create | Galley |
| 15:54 | Create | Galley |
| 15:55 | Create | Galley |
| 16:02 | Research | Gold Mining |
| 16:04 | Build | House |
| 16:29 | Create | Galley |
| 16:35 | Research | Fletching |
| 16:45 | Research | Horse Collar |
| 16:45 | Research | Horse Collar |
| 17:05 | Age | Castle Age |
| 17:22 | Research | War Galley (upgrade) |
| 17:27 | Research | Bow Saw |
| 17:32 | Create | Villager (Male) |
| 17:38 | Create | Galley |
| 17:38 | Create | Galley |
| 17:49 | Create | Villager (Male) |
| 18:04 | Create | Galley |
| 18:04 | Create | Galley |
| 18:06 | Create | Villager (Male) |
| 18:06 | Create | Villager (Male) |
| 18:31 | Create | Galley |
| 18:31 | Create | Galley |
| 18:32 | Create | Villager (Male) |
| 18:46 | Create | Villager (Male) |
| 18:51 | Build | Palisade Wall |
| 18:53 | Build | Palisade Wall |
| 18:54 | Build | Palisade Wall |
| 18:55 | Build | Palisade Wall |
| 18:56 | Build | Palisade Wall |
| 19:00 | Create | Villager (Male) |
| 19:04 | Create | Galley |
| 19:04 | Create | Galley |
| 19:04 | Create | Galley |
| 19:37 | Create | Villager (Male) |
| 19:44 | Create | Galley |
| 19:44 | Create | Galley |
| 19:45 | Create | Galley |
| 19:56 | Research | Town Watch |
| 19:56 | Research | Wheelbarrow |
| 20:02 | Build | House |
| 20:03 | Build | House |
| 20:58 | Create | Villager (Male) |
| 21:01 | Build | Town Center |
| 21:07 | Create | Villager (Male) |
| 21:12 | Build | House |
| 21:27 | Research | Bodkin Arrow |
| 21:28 | Research | Bodkin Arrow |
| 21:29 | Create | Galley |
| 21:29 | Create | Galley |
| 22:12 | Create | Villager (Male) |
| 22:13 | Create | Villager (Male) |
| 22:13 | Create | Villager (Male) |
| 22:18 | Build | Town Center |
| 22:24 | Create | Villager (Male) |
| 22:29 | Create | Galley |
| 22:30 | Create | Galley |
| 22:39 | Create | Villager (Male) |
| 22:39 | Create | Villager (Male) |
| 22:42 | Build | Farm |
| 22:51 | Build | Farm |
| 23:05 | Create | Villager (Male) |
| 23:05 | Create | Villager (Male) |
| 23:31 | Create | Villager (Male) |
| 23:31 | Create | Villager (Male) |
| 23:33 | Build | Farm |
| 23:33 | Build | Farm |
| 23:34 | Build | Farm |
| 23:41 | Build | Farm |
| 23:42 | Build | Farm |
| 23:48 | Create | Villager (Male) |
| 23:48 | Create | Villager (Male) |
| 23:54 | Build | House |
| 23:55 | Build | House |
| 24:06 | Create | Villager (Male) |
| 24:09 | Build | Farm |
| 24:24 | Create | Villager (Male) |
Build order — DemonSheep
First 150 of 492 actions detected
| 0:20 | Build | Dock |
| 0:30 | Build | House |
| 1:10 | Build | Town Center |
| 3:05 | Create | Villager (Male) ×5 |
| 3:45 | Create | Fishing Ship |
| 4:19 | Build | House |
| 4:40 | Create | Villager (Male) |
| 5:29 | Create | Villager (Male) |
| 5:30 | Create | Villager (Male) |
| 5:53 | Create | Fishing Ship |
| 6:18 | Create | Villager (Male) |
| 6:19 | Create | Villager (Male) |
| 6:27 | Build | House |
| 6:33 | Build | House |
| 7:03 | Create | Fishing Ship |
| 7:11 | Create | Villager (Male) |
| 7:36 | Build | House |
| 7:42 | Create | Villager (Male) |
| 7:43 | Create | Villager (Male) |
| 7:43 | Create | Villager (Male) |
| 7:58 | Create | Fishing Ship |
| 8:08 | Create | Villager (Male) |
| 8:22 | Create | Villager (Male) |
| 8:55 | Build | House |
| 8:58 | Build | Palisade Gate |
| 9:01 | Build | Palisade Wall |
| 9:07 | Create | Villager (Male) |
| 9:29 | Create | Villager (Male) |
| 9:48 | Create | Villager (Male) |
| 9:52 | Build | Settlement |
| 10:19 | Create | Villager (Male) |
| 10:36 | Create | Villager (Male) |
| 10:36 | Create | Villager (Male) |
| 10:43 | Build | Settlement |
| 11:00 | Build | House |
| 11:17 | Create | Villager (Male) |
| 11:20 | Build | House |
| 11:58 | Research | Feudal Age |
| 12:10 | Build | House |
| 12:27 | Create | Villager (Male) |
| 13:13 | Build | Palisade Wall |
| 13:15 | Build | Palisade Wall |
| 13:16 | Build | Palisade Wall |
| 14:08 | Age | Feudal Age |
| 14:09 | Build | Blacksmith |
| 14:11 | Build | Market |
| 14:24 | Research | Loom |
| 14:24 | Research | Loom |
| 14:28 | Create | Villager (Male) |
| 14:45 | Build | Gate |
| 14:46 | Build | Stone Wall |
| 14:54 | Build | Gate |
| 14:57 | Build | Stone Wall |
| 14:58 | Build | Stone Wall |
| 15:03 | Build | Stone Wall |
| 15:10 | Research | Loom |
| 15:10 | Research | Loom |
| 15:15 | Build | Outpost |
| 15:34 | Build | Stone Wall |
| 15:36 | Build | Stone Wall |
| 16:13 | Research | Castle Age |
| 16:13 | Research | Castle Age |
| 16:33 | Research | Double-Bit Axe |
| 16:34 | Research | Double-Bit Axe |
| 16:43 | Build | Stone Wall |
| 16:50 | Build | Gate |
| 17:04 | Research | Horse Collar |
| 17:04 | Research | Horse Collar |
| 17:09 | Build | Stone Wall |
| 17:15 | Build | Stone Wall |
| 17:46 | Build | Gate |
| 17:47 | Build | Stone Wall |
| 17:47 | Build | Stone Wall |
| 18:07 | Create | Villager (Male) |
| 18:53 | Age | Castle Age |
| 18:58 | Build | Castle |
| 19:04 | Research | Town Watch |
| 19:08 | Create | Villager (Male) |
| 19:13 | Build | Gate |
| 19:24 | Research | Fletching |
| 19:27 | Create | Villager (Male) |
| 19:39 | Build | Settlement |
| 19:43 | Create | Villager (Male) |
| 19:57 | Build | Fish Trap |
| 19:59 | Build | Fish Trap |
| 20:04 | Create | Unit 2579 ×3 |
| 20:10 | Create | Villager (Male) |
| 20:25 | Create | Unit 2579 |
| 20:56 | Create | Unit 2579 |
| 20:59 | Create | Villager (Male) |
| 21:02 | Create | Unit 2579 |
| 21:02 | Create | Unit 2579 |
| 21:13 | Create | Unit 2579 |
| 21:22 | Create | Villager (Male) |
| 21:39 | Create | Villager (Male) |
| 21:57 | Create | Unit 2579 |
| 21:57 | Create | Unit 2579 |
| 22:16 | Create | Villager (Male) |
| 22:20 | Build | Town Center |
| 22:56 | Research | Bodkin Arrow |
| 23:01 | Create | Unit 2579 |
| 23:02 | Create | Villager (Male) |
| 23:10 | Create | Unit 2579 |
| 23:46 | Create | Villager (Male) |
| 23:47 | Create | Villager (Male) |
| 23:54 | Build | Farm |
| 23:54 | Build | Farm |
| 23:55 | Build | Farm |
| 23:55 | Build | Farm |
| 23:56 | Build | Farm |
| 24:14 | Create | Villager (Male) |
| 24:14 | Create | Villager (Male) |
| 24:36 | Create | Villager (Male) |
| 24:37 | Create | Villager (Male) |
| 24:42 | Build | Farm |
| 24:46 | Build | Farm |
| 24:47 | Build | Farm |
| 24:47 | Build | Farm |
| 24:47 | Build | Farm |
| 24:59 | Create | Unit 2579 ×3 |
| 25:01 | Create | Villager (Male) |
| 25:01 | Create | Villager (Male) |
| 25:01 | Create | Villager (Male) |
| 25:05 | Build | Farm |
| 25:07 | Create | Villager (Male) |
| 25:07 | Create | Villager (Male) |
| 25:20 | Create | Villager (Male) |
| 25:21 | Create | Villager (Male) |
| 25:24 | Build | Town Center |
| 25:36 | Create | Villager (Male) |
| 25:37 | Create | Villager (Male) |
| 26:04 | Create | Villager (Male) |
| 26:05 | Create | Villager (Male) |
| 26:13 | Create | Villager (Male) |
| 26:16 | Build | Farm |
| 26:16 | Build | Farm |
| 26:17 | Build | Farm |
| 26:17 | Build | Farm |
| 26:17 | Build | Farm |
| 26:20 | Build | Farm |
| 26:29 | Create | Unit 2579 |
| 26:29 | Create | Unit 2579 |
| 26:53 | Research | Wheelbarrow |
| 26:53 | Create | Villager (Male) |
| 27:07 | Build | Farm |
| 27:08 | Build | Farm |
| 27:08 | Build | Farm |
| 27:08 | Build | Farm |
| 27:08 | Build | Farm |
| 27:09 | Build | Farm |
Match timeline
| 0:20 | DemonSheep · first_building Dock |
| 0:30 | GKT_Cloud · first_building Dock |
| 0:35 | [LuB]夢夢 · first_building Dock |
| 0:51 | LemonShip · first_building Dock |
| 1:43 | _LY_Yo · first_building Dock |
| 2:18 | _LY_lyx · first_building Dock |
| 4:05 | 胖丁 · first_building Dock |
| 5:31 | GKT_Cloud · wall_segment Palisade Wall x1 |
| 6:39 | 我赚够了 · first_building Dock |
| 9:01 | GKT_Cloud · wall_segment Palisade Wall x1 |
| 9:01 | DemonSheep · wall_segment Palisade Wall x4 |
| 9:02 | _LY_Yo · wall_segment Palisade Wall x12 |
| 9:06 | _LY_lyx · wall_segment Palisade Wall x1 |
| 9:18 | GKT_Cloud · wall_segment Palisade Wall x1 |
| 9:23 | GKT_Cloud · wall_segment Palisade Wall x1 |
| 10:05 | 胖丁 · first_building Barracks |
| 10:38 | _LY_Yo · wall_segment Palisade Wall x1 |
| 11:04 | LemonShip · wall_segment Palisade Wall x2 |
| 11:08 | GKT_Cloud · wall_segment Palisade Wall x1 |
| 11:09 | GKT_Cloud · wall_segment Palisade Wall x2 |
| 11:09 | GKT_Cloud · wall_segment Palisade Wall x1 |
| 12:08 | _LY_Yo · wall_segment Palisade Wall x1 |
| 13:00 | GKT_Cloud · age_up feudal |
| 13:13 | DemonSheep · wall_segment Palisade Wall x1 |
| 13:15 | DemonSheep · wall_segment Palisade Wall x1 |
| 13:16 | DemonSheep · wall_segment Palisade Wall x1 |
| 13:26 | LemonShip · age_up feudal |
| 13:29 | [LuB]夢夢 · age_up feudal |
| 13:38 | _LY_lyx · age_up feudal |
| 14:08 | DemonSheep · age_up feudal |
| 14:10 | _LY_Yo · wall_segment Palisade Wall x3 |
| 14:19 | [LuB]夢夢 · wall_segment Stone Wall x6 |
| 14:21 | _LY_Yo · age_up feudal |
| 14:35 | _LY_Yo · wall_segment Palisade Wall x1 |
| 14:39 | 胖丁 · age_up feudal |
| 14:46 | DemonSheep · wall_segment Stone Wall x1 |
| 14:57 | DemonSheep · wall_segment Stone Wall x3 |
| 14:58 | DemonSheep · wall_segment Stone Wall x2 |
| 15:03 | DemonSheep · wall_segment Stone Wall x3 |
| 15:03 | LemonShip · wall_segment Palisade Wall x1 |
| 15:05 | LemonShip · wall_segment Palisade Wall x1 |
| 15:06 | LemonShip · wall_segment Palisade Wall x1 |
| 15:08 | LemonShip · wall_segment Palisade Wall x1 |
| 15:10 | LemonShip · wall_segment Palisade Wall x1 |
| 15:13 | LemonShip · wall_segment Palisade Wall x1 |
| 15:20 | GKT_Cloud · wall_segment Palisade Wall x1 |
| 15:22 | GKT_Cloud · wall_segment Palisade Wall x1 |
| 15:23 | GKT_Cloud · wall_segment Palisade Wall x1 |
| 15:33 | 我赚够了 · age_up feudal |
| 15:34 | DemonSheep · wall_segment Stone Wall x1 |
| 15:36 | DemonSheep · wall_segment Stone Wall x1 |
| 15:40 | _LY_lyx · wall_segment Palisade Wall x4 |
| 15:43 | _LY_Yo · wall_segment Palisade Wall x1 |
| 15:45 | DemonSheep · first_market_buy 100 food |
| 15:49 | LemonShip · wall_segment Palisade Wall x1 |
| 15:51 | LemonShip · wall_segment Palisade Wall x1 |
| 16:12 | GKT_Cloud · wall_segment Palisade Wall x1 |
| 16:12 | DemonSheep · first_market_sell 100 wood |
| 16:14 | GKT_Cloud · wall_segment Palisade Wall x1 |
| 16:15 | GKT_Cloud · wall_segment Palisade Wall x1 |
| 16:27 | GKT_Cloud · wall_segment Palisade Wall x1 |
| 16:28 | GKT_Cloud · wall_segment Palisade Wall x1 |
| 16:33 | GKT_Cloud · age_up castle |
| 16:38 | GKT_Cloud · first_building Monastery |
| 16:43 | DemonSheep · wall_segment Stone Wall x1 |
| 17:05 | LemonShip · age_up castle |
| 17:09 | DemonSheep · wall_segment Stone Wall x1 |
| 17:11 | _LY_lyx · age_up castle |
| 17:12 | _LY_lyx · first_building Castle |
| 17:15 | DemonSheep · wall_segment Stone Wall x1 |
| 17:18 | 我赚够了 · first_building Barracks |
| 17:31 | [LuB]夢夢 · age_up castle |
| 17:37 | _LY_lyx · first_building Monastery |
| 17:38 | [LuB]夢夢 · first_building Castle |
| 17:47 | DemonSheep · wall_segment Stone Wall x1 |
| 17:47 | DemonSheep · wall_segment Stone Wall x1 |
| 18:05 | _LY_Yo · age_up castle |
| 18:12 | [LuB]夢夢 · wall_segment Stone Wall x1 |
| 18:27 | 我赚够了 · first_building Stable |
| 18:40 | _LY_Yo · first_building Castle |
| 18:51 | LemonShip · wall_segment Palisade Wall x1 |
| 18:53 | DemonSheep · age_up castle |
| 18:53 | LemonShip · wall_segment Palisade Wall x1 |
| 18:54 | LemonShip · wall_segment Palisade Wall x1 |
| 18:55 | LemonShip · wall_segment Palisade Wall x1 |
| 18:56 | LemonShip · wall_segment Palisade Wall x1 |
| 18:58 | DemonSheep · first_building Castle |
| 19:09 | 我赚够了 · age_up castle |
| 19:40 | 胖丁 · age_up castle |
| 20:32 | _LY_Yo · first_building Siege Workshop |
| 20:48 | 胖丁 · first_market_buy 100 wood |
| 20:49 | 胖丁 · first_building Monastery |
| 24:13 | GKT_Cloud · first_market_buy 100 wood |
| 24:24 | 胖丁 · first_market_sell 100 food |
| 24:38 | _LY_Yo · first_building Monastery |
| 24:57 | LemonShip · first_market_buy 100 food |
| 25:06 | _LY_lyx · wall_segment Stone Wall x3 |
| 25:29 | 胖丁 · first_building Siege Workshop |
| 25:40 | _LY_lyx · wall_segment Stone Wall x1 |
| 25:43 | _LY_lyx · wall_segment Stone Wall x4 |
| 26:29 | LemonShip · wall_segment Palisade Wall x1 |
| 26:33 | LemonShip · wall_segment Palisade Wall x1 |
| 27:19 | LemonShip · first_building Monastery |
| 28:10 | LemonShip · wall_segment Palisade Wall x1 |
| 28:25 | GKT_Cloud · first_building Castle |
| 28:59 | GKT_Cloud · first_building Barracks |
| 29:08 | _LY_Yo · first_market_buy 100 food |
| 30:05 | 胖丁 · first_building Castle |
| 30:09 | GKT_Cloud · first_building Stable |
| 30:46 | 我赚够了 · first_market_sell 100 wood |
| 30:47 | 我赚够了 · first_market_buy 100 stone |
| 31:01 | LemonShip · first_building Barracks |
| 31:07 | _LY_lyx · first_market_sell 100 food |
| 31:20 | _LY_lyx · first_building Siege Workshop |
| 31:23 | GKT_Cloud · age_up imperial |
| 31:39 | LemonShip · wall_segment Palisade Wall x1 |
| 31:49 | LemonShip · wall_segment Palisade Wall x1 |
| 32:04 | LemonShip · wall_segment Stone Wall x1 |
| 32:06 | LemonShip · wall_segment Stone Wall x1 |
| 32:13 | _LY_Yo · first_building Barracks |
| 32:23 | _LY_Yo · age_up imperial |
| 32:28 | LemonShip · wall_segment Stone Wall x1 |
| 32:30 | _LY_Yo · wall_segment Stone Wall x1 |
| 32:36 | [LuB]夢夢 · first_market_buy 100 food |
| 32:46 | LemonShip · wall_segment Stone Wall x5 |
| 32:51 | 我赚够了 · first_building Monastery |
| 33:02 | _LY_Yo · first_market_sell 500 wood |
| 33:03 | DemonSheep · age_up imperial |
| 33:19 | _LY_Yo · first_building Archery Range |
| 33:28 | _LY_Yo · first_building Stable |
| 33:36 | LemonShip · first_building Stable |
| 34:19 | _LY_lyx · age_up imperial |
| 34:27 | LemonShip · first_building Castle |
| 34:30 | _LY_lyx · first_market_buy 100 wood |
| 34:36 | GKT_Cloud · first_building Archery Range |
| 34:44 | GKT_Cloud · first_market_sell 500 wood |
| 34:48 | DemonSheep · wall_segment Stone Wall x9 |
| 35:17 | LemonShip · age_up imperial |
| 35:43 | DemonSheep · wall_segment Stone Wall x6 |
| 35:54 | DemonSheep · first_building Barracks |
| 36:27 | DemonSheep · wall_segment Stone Wall x3 |
| 36:30 | DemonSheep · wall_segment Stone Wall x2 |
| 36:54 | DemonSheep · wall_segment Stone Wall x1 |
| 37:33 | 胖丁 · age_up imperial |
| 37:35 | [LuB]夢夢 · wall_segment Stone Wall x12 |
| 37:37 | GKT_Cloud · wall_segment Stone Wall x1 |
| 37:38 | LemonShip · wall_segment Stone Wall x14 |
| 37:50 | LemonShip · first_market_sell 100 food |
| 39:02 | [LuB]夢夢 · wall_segment Stone Wall x1 |
| 39:16 | DemonSheep · wall_segment Stone Wall x1 |
| 39:17 | DemonSheep · wall_segment Stone Wall x1 |
| 39:17 | DemonSheep · wall_segment Stone Wall x1 |
| 39:18 | DemonSheep · wall_segment Stone Wall x1 |
| 39:18 | DemonSheep · wall_segment Stone Wall x1 |
| 39:57 | 我赚够了 · first_building Castle |
| 40:44 | GKT_Cloud · tribute_sent a jugador 1 |
| 40:44 | GKT_Cloud · tribute_sent a jugador 2 |
| 40:44 | GKT_Cloud · tribute_sent a jugador 3 |
| 40:44 | GKT_Cloud · tribute_sent a jugador 5 |
| 40:44 | GKT_Cloud · tribute_sent a jugador 6 |
| 40:44 | GKT_Cloud · tribute_sent a jugador 7 |
| 40:44 | GKT_Cloud · tribute_sent a jugador 8 |
| 40:52 | 我赚够了 · first_building Archery Range |
| 41:26 | LemonShip · first_building Siege Workshop |
| 42:09 | DemonSheep · first_building Monastery |
| 42:13 | GKT_Cloud · first_building Siege Workshop |
| 43:22 | 我赚够了 · age_up imperial |
| 43:34 | _LY_lyx · first_building Barracks |
| 43:57 | _LY_lyx · wall_segment Palisade Wall x1 |
| 43:58 | _LY_lyx · wall_segment Palisade Wall x1 |
| 43:59 | _LY_lyx · wall_segment Stone Wall x1 |
| 44:02 | _LY_lyx · wall_segment Stone Wall x1 |
| 44:04 | _LY_lyx · wall_segment Stone Wall x1 |
| 44:06 | _LY_lyx · wall_segment Stone Wall x1 |
| 44:09 | _LY_lyx · wall_segment Stone Wall x1 |
| 44:12 | _LY_lyx · wall_segment Stone Wall x1 |
| 44:14 | _LY_lyx · wall_segment Stone Wall x1 |
| 44:15 | _LY_lyx · wall_segment Stone Wall x1 |
| 44:19 | _LY_lyx · wall_segment Stone Wall x1 |
| 44:20 | _LY_lyx · wall_segment Stone Wall x1 |
| 44:35 | 胖丁 · wall_segment Palisade Wall x1 |
| 44:37 | 胖丁 · wall_segment Palisade Wall x1 |
| 44:48 | _LY_lyx · wall_segment Stone Wall x6 |
| 45:09 | 胖丁 · wall_segment Palisade Wall x1 |
| 45:48 | LemonShip · wall_segment Palisade Wall x1 |
| 45:51 | LemonShip · wall_segment Palisade Wall x1 |
| 45:53 | LemonShip · wall_segment Stone Wall x1 |
| 46:24 | _LY_lyx · wall_segment Stone Wall x1 |
| 46:47 | [LuB]夢夢 · first_market_sell 100 wood |
| 46:56 | LemonShip · tribute_sent a jugador 1 |
| 46:56 | LemonShip · tribute_sent a jugador 2 |
| 46:56 | LemonShip · tribute_sent a jugador 3 |
| 46:56 | LemonShip · tribute_sent a jugador 4 |
| 46:56 | LemonShip · tribute_sent a jugador 5 |
| 46:56 | LemonShip · tribute_sent a jugador 7 |
| 46:56 | LemonShip · tribute_sent a jugador 8 |
| 47:39 | [LuB]夢夢 · first_building Monastery |
| 48:17 | [LuB]夢夢 · first_building Barracks |
| 48:29 | _LY_lyx · wall_segment Stone Wall x1 |
| 48:47 | _LY_lyx · wall_segment Stone Wall x1 |
| 48:48 | _LY_lyx · wall_segment Stone Wall x1 |
| 48:51 | [LuB]夢夢 · first_building Archery Range |
| 48:52 | LemonShip · tribute_sent a jugador 1 |
| 48:52 | LemonShip · tribute_sent a jugador 2 |
| 48:52 | LemonShip · tribute_sent a jugador 3 |
| 48:52 | LemonShip · tribute_sent a jugador 4 |
| 48:52 | LemonShip · tribute_sent a jugador 5 |
| 48:52 | LemonShip · tribute_sent a jugador 7 |
| 48:52 | LemonShip · tribute_sent a jugador 8 |
| 49:03 | GKT_Cloud · tribute_sent a jugador 1 |
| 49:03 | GKT_Cloud · tribute_sent a jugador 2 |
| 49:03 | GKT_Cloud · tribute_sent a jugador 3 |
| 49:03 | GKT_Cloud · tribute_sent a jugador 5 |
| 49:03 | GKT_Cloud · tribute_sent a jugador 6 |
| 49:03 | GKT_Cloud · tribute_sent a jugador 7 |
| 49:03 | GKT_Cloud · tribute_sent a jugador 8 |
| 49:58 | _LY_lyx · wall_segment Stone Wall x1 |
| 49:59 | _LY_lyx · wall_segment Stone Wall x1 |
| 50:00 | _LY_lyx · wall_segment Stone Wall x1 |
| 50:00 | _LY_lyx · wall_segment Stone Wall x1 |
| 50:44 | [LuB]夢夢 · age_up imperial |
| 51:14 | _LY_Yo · wall_segment Stone Wall x1 |
| 52:12 | 胖丁 · tribute_sent a jugador 1 |
| 52:12 | 胖丁 · tribute_sent a jugador 2 |
| 52:12 | 胖丁 · tribute_sent a jugador 3 |
| 52:12 | 胖丁 · tribute_sent a jugador 4 |
| 52:12 | 胖丁 · tribute_sent a jugador 5 |
| 52:12 | 胖丁 · tribute_sent a jugador 6 |
| 52:12 | 胖丁 · tribute_sent a jugador 8 |
| 52:21 | GKT_Cloud · tribute_sent a jugador 1 |
| 52:21 | GKT_Cloud · tribute_sent a jugador 2 |
| 52:21 | GKT_Cloud · tribute_sent a jugador 3 |
| 52:21 | GKT_Cloud · tribute_sent a jugador 5 |
| 52:21 | GKT_Cloud · tribute_sent a jugador 6 |
| 52:21 | GKT_Cloud · tribute_sent a jugador 7 |
| 52:21 | GKT_Cloud · tribute_sent a jugador 8 |
| 53:38 | 我赚够了 · tribute_sent a jugador 1 |
| 53:38 | 我赚够了 · tribute_sent a jugador 2 |
| 53:38 | 我赚够了 · tribute_sent a jugador 4 |
| 53:38 | 我赚够了 · tribute_sent a jugador 5 |
| 53:38 | 我赚够了 · tribute_sent a jugador 6 |
| 53:38 | 我赚够了 · tribute_sent a jugador 7 |
| 53:38 | 我赚够了 · tribute_sent a jugador 8 |
| 55:09 | 我赚够了 · tribute_sent a jugador 1 |
| 55:09 | 我赚够了 · tribute_sent a jugador 2 |
| 55:09 | 我赚够了 · tribute_sent a jugador 4 |
| 55:09 | 我赚够了 · tribute_sent a jugador 5 |
| 55:09 | 我赚够了 · tribute_sent a jugador 6 |
| 55:09 | 我赚够了 · tribute_sent a jugador 7 |
| 55:09 | 我赚够了 · tribute_sent a jugador 8 |
| 59:10 | DemonSheep · resign |
[ AI ANALYSIS · 1 CREDIT ]
What really happened in this match?
Wolo.gg analyzes every decision: build order, eco, micro, common mistakes by bracket. Personalized analysis on WhatsApp or Discord in 30 seconds.
Civ guide
Goths
Perfil
Jugador #217855